 Dungeon Crawl Stone Soup version 0.21.1-1-g345015f (webtiles) character file.

133 GrunderHorse the Firebug (level 5, -6/28 HPs)
             Began as a Gargoyle Fire Elementalist on Feb 16, 2018.
             Killed by divine providence
             ... invoked by an orc priest
              (12 damage)
             ... on level 4 of the Dungeon.
             The game lasted 00:11:38 (4627 turns).

GrunderHorse the Firebug (GrFE)                     Turns: 4627, Time: 00:11:38

Health: -6/28      AC:  9    Str:  9    XL:     5   Next: 16%
Magic:  10/10      EV: 11    Int: 16    God:
Gold:   97         SH:  0    Dex:  9    Spells: 3/9 levels left

rFire    . . .     SeeInvis .   d - +0 whip
rCold    . . .     Gourm    .   (no shield)
rNeg     + . .     Faith    .   e - +0 leather armour
rPois    ∞         Spirit   .   w - +2 hat
rElec    +         Reflect  .   (no cloak)
rCorr    .         Harm     .   (no gloves)
MR       .....                  (no boots)
Stlth    ++........             l - amulet of rage
HPRegen  0.09/turn              o - ring of wizardry
MPRegen  0.12/turn              v - ring of flight

@: no status effects
A: clumsy 1, high mp 1, negative energy resistance 1, electricity resistance,
weak 1, unbreathing, petrification resistance, rot immunity, AC +4
a: Evoke Berserk Rage, Evoke Flight


You were on level 4 of the Dungeon.
You were not hungry.

You visited 1 branch of the dungeon, and saw 4 of its levels.

You collected 97 gold pieces.

Inventory:

Hand Weapons
 d - a +0 whip (weapon)
Armour
 e - a +0 leather armour (worn)
 g - a +0 helmet
 w - a +2 hat (worn)
Jewellery
 l - an amulet of rage (around neck)
 o - a ring of wizardry (left hand)
 v - a ring of flight (right hand)
Scrolls
 a - a scroll of identify
 f - a scroll of remove curse {unknown}
 k - a scroll of enchant weapon {unknown}
 m - 2 scrolls of fear {unknown}
 n - 2 scrolls of teleportation {unknown}
 q - a scroll of amnesia {unknown}
 r - a scroll of enchant armour {unknown}
 u - a scroll of random uselessness {unknown}
Potions
 h - 2 potions of degeneration
 i - 3 potions of brilliance
 j - 2 potions of curing
 p - a potion of resistance
 s - a potion of cancellation
Books
 b - a book of Flames

   Spells                             Type                      Level
   a - Flame Tongue                   Conjuration/Fire             1
   b - Throw Flame                    Conjuration/Fire             2
   c - Conjure Flame                  Conjuration/Fire             3
   d - Inner Flame                    Hexes/Fire                   3
   e - Sticky Flame                   Conjuration/Fire             4
   f - Fireball                       Conjuration/Fire             5
Comestibles
 c - 3 rations


   Skills:
 - Level 2.0 Dodging
 - Level 3.0 Stealth
 + Level 2.9 Spellcasting
 + Level 2.6 Conjurations
 + Level 3.9 Fire Magic


You had 3 spell levels left.
You knew the following spells:

 Your Spells              Type           Power        Failure   Level  Hunger
a - Flame Tongue          Conj/Fire      ##...        2%          1    #......
b - Throw Flame           Conj/Fire      ##....       4%          2    ##.....
c - Conjure Flame         Conj/Fire      ##......     9%          3    ###....


Dungeon Overview and Level Annotations

Branches:
Dungeon (4/15)
 Temple: D:4-7

Altars:
Ashenzari
Gozag
Kikubaaqudgha
Qazlal
Uskayaw

Annotations:
D:3 bande's ghost, amateur GrFi
D:4 findtopher's ghost, amateur MiBe


Innate Abilities, Weirdness & Mutations

You are resistant to torment.
Your stone body is resilient. (AC +4)
You are immune to poison.
You resist negative energy. (rN+)
You are resistant to electric shocks. (rElec)
You can survive without breathing.
You are immune to petrification.
You are immune to rotting.
You are clumsy. (Dex -2)
You have an increased reservoir of magic. (+10% MP)
You are weak. (Str -2)


Message History

The orc priest is lightly wounded.
The orc wizard hits you but does no damage.
The orc closely misses you. x2
The orc priest miscasts a cantrip.
Something hits you but does no damage.
You're too confused to move!
The orc wizard hits you but does no damage.
The orc barely misses you. The orc priest closely misses you.
The orc hits you but does no damage. Something hits you but does no damage.
You feel less confused. The orc wizard barely misses you.
The orc wizard closely misses you.
You hear some strange, mumbled words.
Something tries to affect you, but you resist.
The orc wizard closely misses you.
The orc priest looks encouraged for a moment.
The orc wizard misses you.
The orc priest invokes the aid of Beogh against you.
Beogh smites you!
You die...

#.......# #.#####.#
####.# #.####
.....# #....#
####.## #.##.#
......####.##.#####
..>.._.....##.##..
#######.#.###.##.#
.# #.#.###.##@# .#
# #........oo# .#
#...##.###.#.{#
............†.oo.##
..........###.....#
....#.#...# #.....#
.####.##..# #.....#
.. .. .... ##....#
..<.... ...#.#


You could see an orc priest, an orc wizard and 2 orcs.

Vanquished Creatures
  A worker ant (D:4)
  2 adders
  A gnoll (D:1)
  3 worms
  A dart slug (D:1)
  A leopard gecko (D:2)
  4 orcs
  7 giant cockroaches
  9 goblins
  6 hobgoblins
  4 jackals (D:4)
  4 quokkas
  2 ball pythons
  4 bats
  4 frilled lizards
  3 kobolds
  5 rats
61 creatures vanquished.

Notes
Turn   | Place    | Note
-------+----------+-------------------------------------------
     0 | D:1      | GrunderHorse the Gargoyle Fire Elementalist began the quest for the Orb.
     0 | D:1      | Reached XP level 1. HP: 10/10 MP: 3/3
   261 | D:1      | Reached XP level 2. HP: 15/15 MP: 3/5
   647 | D:1      | Reached XP level 3. HP: 19/19 MP: 4/6
   710 | D:1      | Learned a level 2 spell: Throw Flame
   714 | D:1      | Learned a level 3 spell: Conjure Flame
  1245 | D:2      | Found a faded altar of an unknown god.
  1445 | D:2      | Reached XP level 4. HP: 22/24 MP: 3/7
  1519 | D:2      | Found a hide-covered altar of Uskayaw.
  1558 | D:2      | Found an ancient bone altar of Kikubaaqudgha.
  2616 | D:3      | Found an opulent altar of Gozag.
  2844 | D:3      | Noticed bande's ghost (amateur GrFi)
  3170 | D:3      | Found a shattered altar of Ashenzari.
  3642 | D:4      | Noticed findtopher's ghost (amateur MiBe)
  3742 | D:4      | Found a stormy altar of Qazlal.
  3821 | D:4      | Reached XP level 5. HP: 21/28 MP: 4/9
  3913 | D:4      | Noticed an ogre
  4561 | D:4      | Gained mutation: You are clumsy. (Dex -2) [potion of mutation]
  4561 | D:4      | Gained mutation: You are weak. (Str -2) [potion of mutation]
  4561 | D:4      | Gained mutation: You have an increased reservoir of magic. (+10% MP) [potion of mutation]
  4627 | D:4      | Killed from afar by an orc priest

Skill      XL: |  1  2  3  4 |
---------------+-------------+-----
Dodging        | 2 |  2.0
Stealth        | 3 |  3.0
Conjurations   | 2 |  2.6
Spellcasting   | |  2.9
Fire Magic     | |  3.9

Action                   |  1- 3 |  4- 6 || total
-------------------------+-------+-------++-------
Melee: Unarmed           |    31 |       ||    31
       Whip              |    76 |   144 ||   220
 Cast: Flame Tongue      |    33 |    44 ||    77
       Conjure Flame     |       |     2 ||     2
 Abil: Evoke Berserk Rag |       |     1 ||     1
  Use: Scroll            |       |     6 ||     6
       Potion            |       |     1 ||     1
 Stab: Sleeping          |     2 |     3 ||     5
  Eat: Chunk             |     2 |     9 ||    11
       Ration            |       |     1 ||     1
Armor: Robe              |    11 |       ||    11
       Leather armour    |    23 |    93 ||   116
Dodge: Dodged            |    94 |    99 ||   193
